 Dungeon Crawl Stone Soup version 0.29-a0-1023-g6ae1a4a2c7 (webtiles) character file.

Game seed: 2469976631599051855

7 BritishOli the Trooper (level 1, -8/18 HPs)
             Began as a Demonspawn Fighter on Aug 11, 2022.
             Mangled by an Executioner (20 damage)
             ... on level 1 of the Abyss.
             The game lasted 00:00:58 (142 turns).

BritishOli the Trooper (Demonspawn Fighter)          Turns: 142, Time: 00:00:58

Health: -8/18      AC:  6    Str: 16    XL:     1   Next: 91%
Magic:  1/1        EV:  8    Int:  9    God:
Gold:   0          SH:  4    Dex: 12    Spells: 0/0 levels left

rFire   . . .      SeeInvis .   a - +0 long sword
rCold   . . .      Faith    .   c - +0 buckler
rNeg    . . .      Spirit   .   b - +0 scale mail
rPois   .          Reflect  .   (no helmet)
rElec   .          Harm     .   (no cloak)
rCorr   .          Rampage  .   (no gloves)
Will    .....                   (no boots)
Stlth   ..........              (no amulet)
HPRegen 0.06/turn               (no ring)
MPRegen 0.07/turn               (no ring)

@: no status effects
A: no striking features
a: no special abilities


You were on level 1 of the Abyss.
You visited 1 branch of the dungeon, and saw 1 of its levels.
You visited the Abyss 1 time.

Inventory:

Hand Weapons
 a - a +0 long sword (weapon)
Armour
 b - a +0 scale mail (worn)
 c - a +0 buckler (worn)
Potions
 d - a potion of might


   Skills:
 + Level 3.1 Fighting
 + Level 2.0 Long Blades
 + Level 2.8 Armour
 + Level 2.8 Shields


You couldn't memorise any spells.
You didn't know any spells.
Your spell library was empty.

Dungeon Overview and Level Annotations

Branches:
Dungeon (1/15)

Altars:

Annotations:
D:1 2 runed translucent doors


Message History

You block the giant cockroach's attack. The goblin closely misses you.
You completely miss the giant cockroach.
The giant cockroach is severely wounded.
The giant cockroach barely misses you. The goblin completely misses you.
The giant cockroach completely misses you.
The goblin hits you but does no damage. Space warps around you.
You are too injured to fight recklessly!
You hit the giant cockroach but do no damage.
The giant cockroach is severely wounded.
The giant cockroach bites you. The goblin closely misses you.
The giant cockroach misses you.
You barely miss the giant cockroach.
The giant cockroach is severely wounded.
You block the giant cockroach's attack. The goblin closely misses you.
You hit the giant cockroach.
You kill the giant cockroach!
The goblin hits you but does no damage.
You blink.
A hobgoblin comes into view.
Found a scroll labelled KIG CIGGENOSUSK and a murky coppery potion.
Your Long Blades skill increases to level 2!
The hobgoblin shouts!
You miss the goblin. The goblin barely misses you.
You closely miss the hobgoblin.
The hobgoblin hits you but does no damage.
The goblin hits you but does no damage.
You are cast into the Abyss!
To return, you must find a gate leading back.
Killing monsters will force the Abyss to allow you passage.
This branch contains the abyssal rune of Zot.
Found a gateway leading deeper into the Abyss.
There is a gateway leading deeper into the Abyss here.
A freezing wraith comes into view.
A thrashing horror comes into view.
An Executioner comes into view.
The Executioner gives a hideous shriek!
The Executioner gestures.
The Executioner seems to speed up.
The Executioner hits you!!
Ouch! That really hurt!
You die...

.# ## #
..##
#.##.##...
....#...#
#......##
#.#.#..#
#...#.##
#.1..#.##
#..#@....#
#....##..#
##....
....
..W##.. .#
..#.. #..
#.....#
#.#
#.#.... .#
.##.. .


You could see an Executioner (fast) and a freezing wraith.

Vanquished Creatures
  A dart slug (D:1)
  An endoplasm (D:1)
  2 giant cockroaches (D:1)
  A frilled lizard (D:1)
5 creatures vanquished.

Notes
Turn   | Place    | Note
-------+----------+-------------------------------------------
     0 | D:1      | BritishOli the Demonspawn Fighter began the quest for the
                  | Orb.
     0 | D:1      | Reached XP level 1. HP: 18/18 MP: 1/1
    58 | D:1      | Found a large runed translucent door.
    58 | D:1      | Found a large runed translucent door.
    58 | D:1      | Noticed a troll
    78 | Abyss:1  | Cast into level 1 of the Abyss (goblin)
   113 | Abyss:1  | Noticed a freezing wraith
   114 | Abyss:1  | Noticed a thrashing horror
   139 | Abyss:1  | Noticed an Executioner
   142 | Abyss:1  | Mangled by an Executioner

Illustrated notes

Levels and vault maps discovered:
D:1:      erik_arrival_cave_to_civilisation [erik_arrival_cave_to_temple],
          layout_basic, ebering_ecumenical_altar_ruins
Abyss:1:  base:
D:1

Skill      XL: |  1 |
---------------+----+-----
Long Blades    | 2 |  2.0
Fighting       | |  3.1
Armour         | |  2.8
Shields        | |  2.8

Action                   || total
-------------------------++-------
Melee: Long sword        ||    16
Armor: Scale mail        ||     8
Dodge: Dodged            ||    11
Block: Buckler           ||     3

Table legend: (Time is in decaauts)
 A = Elapsed time spent in this place.
 B = Non-inter-level travel time spent in this place.
 C = Inter-level travel time spent in this place.
 D = Time resting spent in this place.
 E = Time spent auto-exploring this place.
 F = Levels seen in this place.
 G = Mean time per level.
                   A        B        C        D        E       F      G
               +--------+--------+--------+--------+--------+-----+--------+
         Total |    147 |    147 |      0 |      0 |     43 |   2 |   73.5 |
       Dungeon |     83 |     83 |      0 |      0 |     43 |   1 |   83.0 |
         Abyss |     64 |     64 |      0 |      0 |      0 |   1 |   64.0 |
               +--------+--------+--------+--------+--------+-----+--------+

Top non-repeatable levels by time:
     D:1: 83 daAuts
 Abyss:1: 64 daAuts
